 Dungeon Crawl Stone Soup version 0.23-a0-470-g6f7cfd9 (webtiles) character file.

30 Amnesiac the Vandal (level 3, -1/24 HPs)
             Began as a Halfling Hunter on Nov 26, 2018.
             Killed from afar by an orc wizard (5 damage)
             ... with a puff of frost
             ... on level 2 of the Dungeon.
             The game lasted 00:00:59 (333 turns).

Amnesiac the Vandal (Halfling Hunter)                Turns: 333, Time: 00:00:59

Health: -1/24      AC:  3    Str: 14    XL:     3   Next: 35%
Magic:  3/3        EV: 14    Int:  9    God:
Gold:   24         SH:  0    Dex: 14    Spells: 2/2 levels left

rFire    . . .     SeeInvis .   a - +1 hunting sling
rCold    . . .     Gourm    .   (shield restricted)
rNeg     . . .     Faith    .   c - +0 leather armour
rPois    .         Spirit   .   (no helmet)
rElec    .         Reflect  .   (no cloak)
rCorr    .         Harm     .   (no gloves)
MR       .....                  (no boots)
Stlth    +.........             (no amulet)
HPRegen  0.08/turn              (no ring)
MPRegen  0.08/turn              (no ring)

@: no status effects
A: small, mutation resistance 1
a: no special abilities


You were on level 2 of the Dungeon.
You were not hungry.

You visited 1 branch of the dungeon, and saw 3 of its levels.

You collected 24 gold pieces.

Inventory:

Hand Weapons
 a - a +1 hunting sling (weapon)
 b - a +0 short sword
Missiles
 d - 8 sling bullets (quivered)
 g - 23 stones
Armour
 c - a +0 leather armour (worn)
Scrolls
 e - a scroll of fear {!r, unknown}
 h - a scroll of amnesia {!r, unknown}
 k - a scroll of remove curse {!r, unknown}
Potions
 i - a potion of heal wounds {!q, unknown}
 l - a potion of resistance {!q, unknown}
Comestibles
 f - a ration
 j - 5 chunks of flesh


   Skills:
 - Level 1.7 Fighting
 * Level 7.3 Slings
 - Level 2.1 Dodging
 - Level 1.1 Stealth


You had 2 spell levels left.
You didn't know any spells.
Your spell library was empty.

Dungeon Overview and Level Annotations

Branches:
Dungeon (3/15)

Altars:
Ashenzari


Innate Abilities, Weirdness & Mutations

You are small and have problems with some larger weapons.
You are somewhat resistant to further mutation.


Message History

You shoot a sling bullet. The sling bullet hits the orc wizard!
The orc wizard is severely wounded.
Firing (i - inventory. (/) - cycle)
d - 16 sling bullets (quivered)
Press: ? - help, Shift-Dir - straight line, f/p - orc wizard
Aim: an orc wizard, wielding a +0 dagger and wearing a +0 robe (severely You shoot a sling bullet.
The sling bullet hits the adder!
The adder is almost dead.
Firing (i - inventory. (/) - cycle)
d - 15 sling bullets (quivered)
Press: ? - help, Shift-Dir - straight line, f/p - orc wizard
Aim: an orc wizard, wielding a +0 dagger and wearing a +0 robe (severely You shoot a sling bullet.
The sling bullet hits the orc.
The orc is severely wounded.
Firing (i - inventory. (/) - cycle)
d - 14 sling bullets (quivered)
Press: ? - help, Shift-Dir - straight line, p - orc wizard You shoot a sling bullet.
The sling bullet hits the adder!
You kill the adder!
Your Slings skill increases to level 7!
You have reached level 3!
Your experience leads to an increase in your attributes!
Increase (S)trength, (I)ntelligence, or (D)exterity?
You feel stronger. The orc closely misses you.
Firing (i - inventory. (/) - cycle)
d - 13 sling bullets (quivered)
Press: ? - help, Shift-Dir - straight line, f - orc wizard
Aim: an orc wizard, wielding a +0 dagger and wearing a +0 robe (severely You shoot a sling bullet.
The sling bullet hits the orc!
You kill the orc!
The orc wizard casts a spell at you. The magic dart hits you!
Firing (i - inventory. (/) - cycle)
d - 12 sling bullets (quivered)
Press: ? - help, Shift-Dir - straight line, f/p - orc wizard
Aim: an orc wizard, wielding a +0 dagger and wearing a +0 robe (severely You shoot a sling bullet.
The sling bullet hits the orc wizard but does no damage.
The orc wizard is severely wounded.
The orc wizard gestures at you while chanting.
The magic dart hits you!
Ouch! That really hurt!
* * * LOW HITPOINT WARNING * * *
Unknown command.
The orc wizard barely misses you.
You climb upwards.
There is a stone staircase leading down here.
Okay, then.
Firing (i - inventory. (/) - cycle)
d - 11 sling bullets (quivered)
Press: ? - help, Shift-Dir - straight line, f - orc wizard
Aim: an orc wizard, wielding a +0 dagger and wearing a +0 robe You shoot a sling bullet.
The sling bullet hits the orc wizard!
The orc wizard is heavily wounded.
Firing (i - inventory. (/) - cycle)
d - 10 sling bullets (quivered)
Press: ? - help, Shift-Dir - straight line, f/p - orc wizard
Aim: an orc wizard, wielding a +0 dagger and wearing a +0 robe (heavily You shoot a sling bullet.
The sling bullet hits the orc wizard.
The orc wizard is severely wounded.
The orc wizard looks braver for a moment.
Firing (i - inventory. (/) - cycle)
d - 9 sling bullets (quivered)
Press: ? - help, Shift-Dir - straight line, f/p - orc wizard
Aim: an orc wizard, wielding a +0 dagger and wearing a +0 robe (severely You shoot a sling bullet.
The sling bullet hits the orc wizard but does no damage.
The orc wizard is severely wounded.
The orc wizard casts a spell at you. The puff of frost hits you!
You die...

....#...#..##.....# #..
...........##.....# #..
+###...#..##.....# #..
#.......'.....+ #..
#.#.#..##.....######.. ...
#######.#....##.....#.......
....(...............†............
.#..####.)......o.#.#..#######...
.#..# #........@...#..# #.....#
.#..# #...............####+###..
.#..# #.......>..........[.....#
.#..####......#.......####....#.#
.......÷.....##.......# #....'..
....##.########.......# #....#<.
##..##.# ###+#...# ######.#
##..##.# #.#...# #.# ##..##.#
#.#...# #.#


You could see an orc wizard.

Vanquished Creatures
  2 adders
  A dart slug (D:2)
  A leopard gecko (D:1)
  An orc (D:3)
  A hobgoblin (D:2)
  2 kobolds (D:2)
  2 rats (D:2)
10 creatures vanquished.

Notes
Turn   | Place    | Note
-------+----------+-------------------------------------------
     0 | D:1      | Amnesiac the Halfling Hunter began the quest for the Orb.
     0 | D:1      | Reached XP level 1. HP: 14/14 MP: 1/1
     7 | D:1      | Reached skill level 6 in Slings
   143 | D:2      | Reached XP level 2. HP: 18/19 MP: 2/2
   245 | D:2      | Found a shattered altar of Ashenzari.
   326 | D:3      | Reached skill level 7 in Slings
   326 | D:3      | Reached XP level 3. HP: 19/24 MP: 3/3
   333 | D:2      | Killed from afar by an orc wizard

Vault maps used:
D:1:      erik_arrival_triangle_small, minmay_small_reverse_x
D:2:      nicolae_ashenzari_panopticon

Skill      XL: |  1  2 |
---------------+-------+-----
Slings         | 6 7 |  7.3
Fighting       | |  1.7
Dodging        | |  2.1
Stealth        | |  1.1

Action                   || total
-------------------------++-------
 Fire: Hunting sling     ||    34
Armor: Leather armour    ||     1
Dodge: Dodged            ||     3

Table legend:
 A = Non-vault XP
 B = Vault XP
 C = Vault XP percentage of total XP
 D = Non-vault monster count
 E = Vault monster count
 F = Vault count percentage of total count
                 A         B        C        D         E       F
            +---------+---------+-------+---------+---------+-------
      Total |      43 |       0 |   0.0 |      10 |       0 |   0.0
            +---------+---------+-------+---------+---------+-------
        D:1 |       3 |       0 |   0.0 |       1 |       0 |   0.0
        D:2 |      24 |       0 |   0.0 |       7 |       0 |   0.0
        D:3 |      16 |       0 |   0.0 |       2 |       0 |   0.0
            +---------+---------+-------+---------+---------+-------
